[ PARTIDA AOE2 · #505767784 ]
UnrankedArmenios vs Britons
Equipo del jugador · VICT
Equipo rival · DERR
[ ANÁLISIS DE REPETICIÓN · EXTRAÍDO DE LA PARTIDA GRABADA ]
Feudal
—
Castillos
—
Imperial
—
| APM promedio | 38.9 |
| APM pico | 83 |
| eAPM promedio | 18.9 |
| Aldeanos / militares | 139 / 101 |
Foco
⚔️ 30.6% · 🌾 69.4%
Skirmisher ×56 · Militia ×34 · Warrior Priest ×5 · Monk ×3 · Spearman ×1 · Cavalry Archer ×1
Feudal
—
Castillos
—
Imperial
—
| APM promedio | 32.7 |
| APM pico | 95 |
| eAPM promedio | 15.3 |
| Aldeanos / militares | 95 / 120 |
Foco
⚔️ 41.8% · 🌾 58.2%
Archer ×67 · Scout Cavalry ×31 · Longbowman ×11 · Knight ×6 · Mangonel ×3 · Spearman ×2
Mapa de la partida
Recursos iniciales + cada clic de construcción. Líneas = muros · curvas = relieve. ◆ oro · ⬟ piedra · ● bayas · ✦ reliquia · ◌ hueco del cierre
Tu base· Abierta — el rival se encerró
Base de IFallen SaintI· ✓ Cerrada en 20:26 · 24t muro · sin puerta
Terreno inicial suavizado · ◌ = hueco del cierre detectado · pasá el cursor para detalles
Inputs por minuto
— AirH1855 - - IFallen SaintI
Build order — AirH1855
Primeras 150 de 323 acciones detectadas
| 0:00 | Encolar | Villager (Male) |
| 0:01 | Encolar | Villager (Male) |
| 0:01 | Encolar | Villager (Male) |
| 0:02 | Construir | House |
| 0:03 | Construir | House |
| 0:39 | Encolar | Villager (Male) |
| 1:26 | Encolar | Villager (Male) |
| 1:56 | Construir | Mule Cart |
| 2:07 | Encolar | Villager (Male) |
| 2:31 | Encolar | Villager (Male) |
| 2:51 | Encolar | Villager (Male) |
| 3:19 | Encolar | Villager (Male) |
| 3:26 | Construir | House |
| 3:45 | Encolar | Villager (Male) |
| 4:11 | Encolar | Villager (Male) |
| 4:29 | Construir | Mill |
| 4:36 | Encolar | Villager (Male) |
| 4:37 | Encolar | Villager (Male) |
| 4:37 | Encolar | Villager (Male) |
| 5:22 | Encolar | Villager (Male) |
| 5:23 | Encolar | Villager (Male) |
| 5:55 | Investigar | Loom |
| 6:49 | Investigar | Feudal Age |
| 8:05 | Construir | Barracks |
| 8:20 | Encolar | Villager (Male) |
| 8:20 | Encolar | Villager (Male) |
| 8:57 | Construir | House |
| 9:02 | Construir | Archery Range |
| 9:31 | Construir | House |
| 9:33 | Construir | House |
| 9:34 | Construir | Stone Wall |
| 9:55 | Encolar | Villager (Male) ×5 |
| 9:58 | Investigar | Double-Bit Axe |
| 10:06 | Construir | Stone Wall |
| 10:12 | Construir | House |
| 10:15 | Construir | Stone Wall |
| 10:27 | Construir | Farm |
| 10:27 | Construir | Farm |
| 10:31 | Encolar | Villager (Male) |
| 10:42 | Construir | Farm |
| 10:47 | Encolar | Skirmisher |
| 10:48 | Encolar | Skirmisher ×3 |
| 11:08 | Construir | Watch Tower |
| 11:25 | Construir | House |
| 11:49 | Construir | Gate |
| 11:55 | Construir | House |
| 11:58 | Construir | House |
| 12:03 | Encolar | Villager (Male) |
| 12:14 | Encolar | Skirmisher |
| 12:34 | Construir | Farm |
| 12:36 | Encolar | Villager (Male) |
| 12:46 | Construir | Farm |
| 12:46 | Construir | Farm |
| 12:47 | Construir | Farm |
| 12:47 | Construir | Farm |
| 12:47 | Construir | Farm |
| 12:48 | Construir | Farm |
| 12:48 | Construir | Farm |
| 12:48 | Construir | Farm |
| 12:48 | Construir | Farm |
| 12:57 | Encolar | Skirmisher |
| 13:16 | Construir | House |
| 13:19 | Construir | House |
| 13:21 | Construir | House |
| 13:28 | Encolar | Villager (Male) |
| 13:29 | Encolar | Villager (Male) |
| 13:32 | Encolar | Skirmisher |
| 13:35 | Encolar | Villager (Male) ×5 |
| 13:54 | Encolar | Skirmisher |
| 14:09 | Encolar | Skirmisher |
| 14:17 | Construir | Farm |
| 14:17 | Construir | Farm |
| 14:17 | Construir | Farm |
| 14:18 | Construir | Farm |
| 14:18 | Construir | Farm |
| 14:37 | Construir | Mule Cart |
| 14:54 | Encolar | Skirmisher |
| 14:58 | Construir | Blacksmith |
| 15:17 | Construir | Market |
| 15:25 | Encolar | Skirmisher |
| 15:46 | Encolar | Villager (Male) |
| 16:14 | Encolar | Skirmisher |
| 16:21 | Construir | Mule Cart |
| 16:34 | Encolar | Skirmisher |
| 16:46 | Encolar | Villager (Male) |
| 16:48 | Investigar | Wheelbarrow |
| 16:56 | Construir | Farm |
| 16:59 | Construir | Farm |
| 16:59 | Construir | Farm |
| 16:59 | Construir | Farm |
| 17:09 | Construir | Farm |
| 17:09 | Construir | Farm |
| 17:09 | Construir | Farm |
| 17:23 | Construir | Farm |
| 17:59 | Construir | Mule Cart |
| 18:01 | Investigar | Gold Mining |
| 18:03 | Encolar | Villager (Male) |
| 18:18 | Construir | House |
| 18:19 | Construir | Stone Wall |
| 18:20 | Construir | Stone Wall |
| 18:43 | Encolar | Villager (Male) |
| 19:02 | Investigar | Castle Age |
| 19:13 | Construir | Blacksmith |
| 19:23 | Investigar | Horse Collar |
| 19:30 | Construir | Farm |
| 20:21 | Encolar | Spearman |
| 20:28 | Construir | Farm |
| 21:55 | Construir | Town Center |
| 22:01 | Investigar | Town Watch |
| 22:02 | Encolar | Villager (Male) |
| 22:02 | Encolar | Villager (Male) |
| 22:06 | Investigar | Bow Saw |
| 22:08 | Construir | Town Center |
| 22:39 | Construir | Monastery |
| 22:53 | Encolar | Cavalry Archer |
| 23:07 | Encolar | Villager (Male) ×5 |
| 23:26 | Encolar | Monk |
| 23:28 | Encolar | Warrior Priest |
| 23:32 | Encolar | Villager (Male) |
| 23:33 | Encolar | Villager (Male) |
| 23:46 | Encolar | Villager (Male) |
| 23:46 | Encolar | Villager (Male) |
| 23:46 | Encolar | Villager (Male) |
| 23:59 | Encolar | Warrior Priest |
| 24:17 | Encolar | Villager (Male) ×5 |
| 24:30 | Construir | Town Center |
| 24:38 | Encolar | Villager (Male) ×5 |
| 24:43 | Construir | Farm |
| 24:44 | Construir | Farm |
| 24:44 | Construir | Farm |
| 24:44 | Construir | Farm |
| 24:45 | Construir | Farm |
| 24:45 | Construir | Farm |
| 25:05 | Encolar | Villager (Male) ×5 |
| 25:08 | Encolar | Warrior Priest |
| 25:24 | Investigar | Town Patrol |
| 25:27 | Investigar | Hand Cart |
| 25:31 | Encolar | Villager (Male) |
| 25:49 | Encolar | Villager (Male) ×2 |
| 26:14 | Construir | Blacksmith |
| 26:19 | Investigar | Padded Archer Armor |
| 26:19 | Investigar | Fletching |
| 26:23 | Construir | Archery Range |
| 26:24 | Construir | Archery Range |
| 26:31 | Encolar | Villager (Male) ×3 |
| 27:04 | Investigar | Elite Skirmisher (upgrade) |
| 27:05 | Encolar | Skirmisher ×5 |
| 27:29 | Encolar | Skirmisher ×5 |
| 27:39 | Investigar | Leather Archer Armor |
| 27:55 | Encolar | Villager (Male) |
Build order — IFallen SaintI
Primeras 150 de 318 acciones detectadas
| 0:01 | Encolar | Villager (Male) |
| 0:02 | Encolar | Villager (Male) |
| 0:02 | Encolar | Villager (Male) |
| 0:05 | Construir | House |
| 0:08 | Construir | House |
| 0:09 | Encolar | Villager (Male) |
| 1:25 | Encolar | Villager (Male) |
| 1:46 | Construir | Lumber Camp |
| 1:50 | Encolar | Villager (Male) |
| 1:51 | Encolar | Villager (Male) |
| 2:05 | Encolar | Villager (Male) |
| 2:24 | Construir | House |
| 2:37 | Encolar | Villager (Male) |
| 3:04 | Encolar | Villager (Male) |
| 3:44 | Encolar | Villager (Male) |
| 3:44 | Encolar | Villager (Male) |
| 4:42 | Encolar | Villager (Male) |
| 5:08 | Encolar | Villager (Male) |
| 5:09 | Encolar | Villager (Male) |
| 5:09 | Encolar | Villager (Male) |
| 5:23 | Encolar | Villager (Male) |
| 5:42 | Construir | Mining Camp |
| 6:40 | Encolar | Villager (Male) |
| 6:45 | Investigar | Loom |
| 7:34 | Investigar | Feudal Age |
| 7:47 | Construir | Barracks |
| 8:02 | Construir | Palisade Wall |
| 9:10 | Construir | House |
| 9:20 | Encolar | Villager (Male) |
| 9:20 | Encolar | Villager (Male) |
| 9:47 | Construir | Archery Range |
| 9:51 | Construir | Archery Range |
| 10:12 | Encolar | Villager (Male) |
| 10:31 | Encolar | Villager (Male) |
| 10:43 | Encolar | Archer |
| 10:44 | Encolar | Archer |
| 10:44 | Encolar | Archer |
| 10:45 | Encolar | Archer |
| 10:46 | Encolar | Archer |
| 10:51 | Encolar | Spearman |
| 10:51 | Encolar | Spearman |
| 11:06 | Encolar | Villager (Male) |
| 11:14 | Construir | House |
| 11:17 | Construir | House |
| 11:41 | Encolar | Archer |
| 11:54 | Construir | Mill |
| 12:14 | Encolar | Archer |
| 12:15 | Encolar | Archer |
| 12:21 | Construir | House |
| 12:24 | Construir | Palisade Wall |
| 12:27 | Encolar | Villager (Male) |
| 12:48 | Investigar | Double-Bit Axe |
| 12:50 | Encolar | Archer |
| 12:59 | Encolar | Villager (Male) |
| 13:18 | Encolar | Villager (Male) |
| 13:28 | Construir | House |
| 13:31 | Encolar | Villager (Male) |
| 13:54 | Construir | Blacksmith |
| 14:00 | Investigar | Horse Collar |
| 14:29 | Construir | Palisade Wall |
| 14:40 | Construir | Farm |
| 14:40 | Construir | Farm |
| 14:48 | Construir | House |
| 14:50 | Construir | House |
| 14:53 | Encolar | Villager (Male) |
| 15:15 | Investigar | Fletching |
| 15:15 | Investigar | Fletching |
| 15:25 | Construir | Farm |
| 15:28 | Encolar | Villager (Male) |
| 16:11 | Construir | Stable |
| 16:14 | Construir | Farm |
| 16:23 | Encolar | Villager (Male) |
| 16:45 | Encolar | Villager (Male) |
| 17:15 | Construir | Palisade Wall |
| 17:16 | Encolar | Scout Cavalry |
| 17:16 | Encolar | Scout Cavalry |
| 17:26 | Construir | Farm |
| 17:30 | Construir | Farm |
| 17:41 | Construir | Farm |
| 18:17 | Construir | Farm |
| 18:17 | Construir | Farm |
| 18:29 | Encolar | Archer |
| 18:29 | Encolar | Archer |
| 18:29 | Encolar | Archer |
| 18:31 | Encolar | Archer |
| 18:33 | Encolar | Archer |
| 18:34 | Encolar | Archer |
| 18:40 | Construir | Farm |
| 18:42 | Construir | Farm |
| 18:45 | Construir | Farm |
| 19:29 | Encolar | Archer |
| 19:30 | Encolar | Archer |
| 19:53 | Encolar | Archer |
| 19:54 | Encolar | Archer |
| 20:07 | Encolar | Archer |
| 20:08 | Encolar | Archer |
| 20:26 | Investigar | Castle Age |
| 20:35 | Encolar | Archer |
| 20:35 | Encolar | Archer |
| 20:37 | Encolar | Archer |
| 20:38 | Encolar | Archer |
| 20:39 | Encolar | Archer |
| 20:40 | Encolar | Archer |
| 20:48 | Encolar | Scout Cavalry |
| 20:49 | Encolar | Scout Cavalry |
| 21:20 | Construir | Lumber Camp |
| 21:35 | Construir | Lumber Camp |
| 21:40 | Construir | Lumber Camp |
| 21:49 | Encolar | Scout Cavalry |
| 21:51 | Encolar | Scout Cavalry |
| 21:53 | Encolar | Villager (Male) |
| 22:12 | Construir | Market |
| 22:29 | Encolar | Scout Cavalry |
| 22:49 | Encolar | Villager (Male) |
| 23:07 | Investigar | Light Cavalry (upgrade) |
| 23:17 | Investigar | Crossbowman (upgrade) |
| 23:36 | Investigar | Bodkin Arrow |
| 24:04 | Construir | Palisade Gate |
| 24:20 | Construir | Town Center |
| 24:23 | Construir | Farm |
| 24:25 | Construir | Farm |
| 24:26 | Encolar | Villager (Male) |
| 24:34 | Construir | House |
| 24:35 | Construir | House |
| 24:55 | Construir | House |
| 24:56 | Construir | House |
| 25:02 | Construir | House |
| 25:11 | Encolar | Villager (Male) |
| 25:17 | Construir | House |
| 25:19 | Construir | House |
| 25:24 | Encolar | Villager (Male) |
| 25:30 | Construir | House |
| 25:32 | Construir | House |
| 25:46 | Construir | House |
| 25:49 | Encolar | Villager (Male) |
| 25:54 | Construir | Town Center |
| 26:19 | Investigar | Scale Barding Armor |
| 26:33 | Encolar | Villager (Male) |
| 26:33 | Encolar | Villager (Male) |
| 26:42 | Encolar | Archer |
| 26:42 | Encolar | Archer |
| 26:42 | Encolar | Archer |
| 26:43 | Encolar | Archer |
| 26:44 | Encolar | Archer |
| 26:44 | Encolar | Archer |
| 26:45 | Encolar | Archer |
| 27:04 | Construir | Siege Workshop |
| 27:18 | Encolar | Scout Cavalry |
| 27:19 | Encolar | Scout Cavalry |
| 27:25 | Encolar | Villager (Male) |
Cronología de la partida
| 7:47 | IFallen SaintI · first_building Barracks |
| 8:02 | IFallen SaintI · wall_segment Palisade Wall x7 |
| 8:05 | AirH1855 · first_building Barracks |
| 9:02 | AirH1855 · first_building Archery Range |
| 9:34 | AirH1855 · wall_segment Stone Wall x1 |
| 9:47 | IFallen SaintI · first_building Archery Range |
| 10:06 | AirH1855 · wall_segment Stone Wall x1 |
| 10:15 | AirH1855 · wall_segment Stone Wall x5 |
| 12:24 | IFallen SaintI · wall_segment Palisade Wall x6 |
| 14:29 | IFallen SaintI · wall_segment Palisade Wall x9 |
| 16:11 | IFallen SaintI · first_building Stable |
| 17:15 | IFallen SaintI · wall_segment Palisade Wall x3 |
| 18:19 | AirH1855 · wall_segment Stone Wall x1 |
| 18:20 | AirH1855 · wall_segment Stone Wall x1 |
| 18:28 | AirH1855 · first_market_sell 100 wood |
| 18:32 | AirH1855 · first_market_buy 100 food |
| 22:39 | AirH1855 · first_building Monastery |
| 23:15 | IFallen SaintI · first_market_buy 100 food |
| 27:04 | IFallen SaintI · first_building Siege Workshop |
| 29:32 | AirH1855 · first_building Castle |
| 36:22 | IFallen SaintI · first_building Castle |
| 41:56 | IFallen SaintI · resign |
[ ANÁLISIS IA · 1 CRÉDITO ]
¿Qué pasó realmente en esta partida?
Wolo.gg analiza cada decisión: build order, eco, micro, errores típicos por bracket. Análisis personalizado por WhatsApp o Discord en 30 segundos.
Guía civ
Armenios
Perfil
Jugador #20369934